 Dungeon Crawl Stone Soup version 0.24-a0-67-ga78bd38 (webtiles) character file.

Game seed: 6050078934716593175

6703 Deathtrap2010 the Cleaver (level 10, 0/88 HPs)
             Began as a Minotaur Fighter on Feb 6, 2019.
             Was a Priest of Qazlal.
             Slain by a shadow imp (2 damage)
             ... summoned by a kobold demonologist
             ... on level 8 of the Dungeon.
             The game lasted 00:25:35 (7323 turns).

Deathtrap2010 the Cleaver (Minotaur Fighter)        Turns: 7323, Time: 00:25:36

Health: 0/88       AC:  0    Str: 22    XL:     10   Next: 74%
Magic:  9/9        EV:  8    Int:  5    God:    Qazlal [***...]
Gold:   475        SH: 16    Dex: 15    Spells: 9/9 levels left

rFire    . . .     SeeInvis .   a - +2 war axe
rCold    . . .     Gourm    .   c - +0 shield
rNeg     . . .     Faith    .   e - +0 plate armour
rPois    .         Spirit   .   (helmet restricted)
rElec    .         Reflect  .   g - +1 cloak
rCorr    .         Harm     .   k - +1 pair of gloves
MR       +....                  j - +1 pair of boots
Stlth    ..........             t - amulet of rage
HPRegen  0.24/turn              h - +3 ring of dexterity
MPRegen  0.11/turn              i - ring of protection from magic

@: corroded, berserk cooldown, slowed, lightly drained, very slow
A: retaliatory headbutt, horns 2
a: Upheaval, Elemental Force, Renounce Religion, Evoke Berserk Rage


You were on level 8 of the Dungeon.
You worshipped Qazlal.
Qazlal was most pleased with you.
You were near starving.

You visited 2 branches of the dungeon, and saw 9 of its levels.
You also visited: Ossuary.

You collected 475 gold pieces.

Inventory:

Hand Weapons
 a - a +2 war axe (weapon)
Armour
 c - a +0 shield (worn)
 e - a +0 plate armour (worn)
 g - a +1 cloak (worn)
 j - a +1 pair of boots (worn)
 k - a +1 pair of gloves (worn)
Jewellery
 h - a +3 ring of dexterity (left hand)
 i - a ring of protection from magic (right hand)
 t - an amulet of rage (around neck)
Scrolls
 m - 3 scrolls of remove curse
 n - 10 scrolls of identify
 o - a scroll of amnesia
 p - 3 scrolls of teleportation
 q - 2 scrolls of blinking
 s - a scroll of fog
Potions
 b - a potion of flight
 d - 2 potions of haste
 l - 4 potions of curing
Comestibles
 f - 10 rations


   Skills:
 * Level 8.3(8.2) Fighting
 * Level 12.7 Axes
 * Level 8.3 Armour
 * Level 5.6 Dodging
 * Level 9.2 Shields


You had 9 spell levels left.
You didn't know any spells.
Your spell library contained the following spells:

 Spells                   Type           Power        Failure   Level  Hunger
 Beastly Appendage        Tmut           #.....       100%        1    ##.....
 Magic Dart               Conj           #...         100%        1    ##.....
 Searing Ray              Conj           #.....       100%        2    ###....
 Sticks to Snakes         Tmut           #.......     100%        2    ###....
 Dazzling Spray           Conj/Hex       #.....       100%        3    ####...
 Spider Form              Tmut/Pois      #.........   100%        3    ####...
 Force Lance              Conj/Tloc      #.......     100%        4    #####..
 Fulminant Prism          Conj/Hex       #.........   100%        4    #####..
 Ice Form                 Ice/Tmut       #.......     100%        4    #####..
 Iskenderun's Mystic Bla  Conj           #.......     100%        4    #####..
 Blade Hands              Tmut           #.........   100%        5    ######.


Dungeon Overview and Level Annotations

Branches:
Dungeon (8/15)             Temple (1/1) D:4
   Lair: D:8-11

Altars:
Ashenzari
Cheibriados
Dithmenos
Elyvilon
Fedhas
Gozag
Hepliaklqana
Kikubaaqudgha
Makhleb
Nemelex Xobeh
Okawaru
Qazlal
Ru
Trog
Uskayaw
Vehumet
Wu Jian
Xom
Yredelemnul
Zin
The Shining One
Beogh


Innate Abilities, Weirdness & Mutations

You reflexively headbutt those who attack you in melee.
You have a pair of horns on your head.


Message History

The kobold demonologist is heavily wounded.
Your plate armour prevents you from hitting the iron imp.
You hit the crimson imp.
You hit the shadow imp but do no damage.
You hit the rust devil. You block the rust devil's attack.
You block the iron imp's attack. The crimson imp hits you.
* * * LOW HITPOINT WARNING * * *
The kobold demonologist mumbles some strange words.
The shadow imp completely misses you. The rust devil hits you!
* * * LOW HITPOINT WARNING * * *
The rust devil corrodes you!
You slash the kobold demonologist!
You headbutt the kobold demonologist, but do no damage.
The kobold demonologist is severely wounded.
Your shield prevents you from hitting the iron imp.
You miss the crimson imp. You barely miss the shadow imp.
Your plate armour prevents you from hitting the rust devil.
You block the iron imp's attack. You block the crimson imp's attack.
The shadow imp hits you.
You die...

#†#.# ..# .
#..#?##.#.#..#
#......)((#.#
#..#####)).#
#.(#.# #..#..#
##)##..#
#55##..#
##@5##..#
#K4O###. #3#.#
#.#.# ..#..
..# #. .<# #.
#... #.


You could see a rust devil, a kobold demonologist, a sixfirhy, an ogre, an iron
imp, a crimson imp and a shadow imp.

Vanquished Creatures
  An ugly thing (D:8)
  A deep elf mage (D:8)
  The ghost of gishou the Cutter, a novice DrAs (D:5)
  2 centaur skeletons (D:8)
  A hippogriff (D:8)
  The ghost of CanOfBees the Bolt Thrower, an amateur TeHu (D:3)
  The ghost of jujuben the Sneak, an amateur KoAs of Trog (D:4)
  Sigmund (D:6)
  A vampire (D:8)
  2 hungry ghosts (D:7)
  2 water moccasins
  4 orc warriors
  An ice beast (D:5)
  A sky beast (D:8)
  A phantom (D:6)
  6 ogres
  5 centaurs
  A big kobold (D:8)
  3 bullfrogs
  9 scorpions
  5 wights (D:6)
  A howler monkey (D:5)
  2 bullfrog zombies
  A crimson imp (D:6)
  2 centaur zombies (Ossuary)
  3 hounds
  3 human zombies (Ossuary)
  2 jellies
  7 orc priests
  A bullfrog skeleton (D:7)
  4 iguanas
  3 orc wizards
  9 worker ants
  A killer bee zombie (D:5)
  A big kobold zombie (Ossuary)
  4 hound skeletons
  2 worker ant zombies
  A howler monkey zombie (D:5)
  3 mummies (Ossuary)
  10 adders
  4 gnolls (D:6)
  5 scorpion zombies (Ossuary)
  2 adder zombies (D:5)
  A worm zombie (D:6)
  An adder skeleton (D:5)
  6 worms
  A dart slug (D:1)
  3 leopard geckos
  27 orcs
  8 bats
  A giant cockroach (D:2)
  3 gnoll zombies (Ossuary)
  13 goblins
  10 hobgoblins
  7 jackals
  3 quokkas
  3 ball pythons
  4 frilled lizards
  3 goblin zombies (Ossuary)
  2 hobgoblin zombies (Ossuary)
  9 kobolds
  A kobold zombie (Ossuary)
  2 orc zombies (Ossuary)
  A quokka skeleton (D:4)
  8 rats
  2 plants (D:1)
240 creatures vanquished.

Notes
Turn   | Place    | Note
-------+----------+-------------------------------------------
     0 | D:1      | Deathtrap2010 the Minotaur Fighter began the quest for the
                  | Orb.
     0 | D:1      | Reached XP level 1. HP: 19/19 MP: 0/0
   146 | D:1      | Reached XP level 2. HP: 13/27 MP: 1/1
  1139 | D:2      | Reached XP level 3. HP: 33/33 MP: 2/2
  1143 | D:2      | Noticed a bullfrog
  1147 | D:2      | Killed a bullfrog
  1147 | D:2      | Reached skill level 3 in Axes
  1147 | D:2      | Reached skill level 1 in Dodging
  1147 | D:2      | Reached XP level 4. HP: 41/41 MP: 3/3
  1318 | D:2      | Reached XP level 5. HP: 44/47 MP: 4/4
  1483 | D:2      | Reached skill level 4 in Axes
  1641 | D:2      | You fall through a shaft!
  1937 | D:3      | Reached skill level 5 in Shields
  1998 | D:3      | Found a runed translucent gate.
  1998 | D:3      | Found a runed translucent gate.
  1998 | D:3      | Found a runed translucent gate.
  2001 | D:3      | Noticed CanOfBees's ghost (amateur TeHu)
  2037 | D:3      | Found a roughly hewn altar of Beogh.
  2099 | D:3      | Reached XP level 6. HP: 51/53 MP: 5/5
  2479 | D:3      | Killed CanOfBees's ghost
  2479 | D:3      | Reached skill level 5 in Fighting
  2479 | D:3      | Reached skill level 5 in Axes
  2538 | D:4      | Reached XP level 7. HP: 29/61 MP: 6/6
  2543 | D:4      | Reached skill level 6 in Axes
  2553 | D:4      | Found a runed translucent gate.
  2553 | D:4      | Found an opulent altar of Gozag.
  2554 | D:4      | Found a runed translucent gate.
  2555 | D:4      | Found a runed translucent gate.
  2558 | D:4      | Noticed jujuben's ghost (amateur KoAs)
  2937 | D:4      | Reached skill level 5 in Armour
  3136 | D:4      | Reached skill level 7 in Axes
  3356 | D:4      | Found a staircase to the Ecumenical Temple.
  3365 | Temple   | Entered the Ecumenical Temple
  3590 | Temple   | Became a worshipper of Qazlal Stormbringer
  4030 | D:4      | Killed jujuben's ghost
  4030 | D:4      | Reached XP level 8. HP: 70/70 MP: 7/7
  4072 | D:5      | Entered Level 5 of the Dungeon
  4164 | D:5      | Found a transporter.
  4164 | D:5      | Noticed gishou's ghost (novice DrAs)
  4174 | D:5      | Found a transporter.
  4189 | D:5      | Killed gishou's ghost
  4189 | D:5      | Reached skill level 8 in Axes
  4311 | D:5      | Reached skill level 9 in Axes
  4484 | D:5      | Reached * piety under Qazlal
  4686 | D:5      | Found an ancient bone altar of Kikubaaqudgha.
  4686 | D:5      | Found a sparkling altar of Nemelex Xobeh.
  4688 | D:5      | Found a basalt altar of Yredelemnul.
  4901 | D:6      | Noticed Sigmund
  4912 | D:6      | Killed Sigmund
  4912 | D:6      | Reached XP level 9. HP: 71/78 MP: 8/8
  5028 | D:6      | Reached skill level 10 in Axes
  5049 | D:6      | Got a crude ivory ring
  5089 | D:6      | Found a hazy altar of Hepliaklqana.
  5241 | D:6      | Reached ** piety under Qazlal
  5269 | D:6      | Found a sand-covered staircase.
  5277 | Ossuary  | Entered an ossuary
  5279 | Ossuary  | Identified the ring "Eckuawiy" {Wiz rF++ rC+ Dex-5} (You
                  | found it on level 6 of the Dungeon)
  5518 | Ossuary  | Reached skill level 11 in Axes
  6403 | D:7      | Reached *** piety under Qazlal
  6553 | D:7      | Reached XP level 10. HP: 86/86 MP: 9/9
  6693 | D:7      | Reached skill level 5 in Dodging
  7220 | D:8      | Reached skill level 12 in Axes
  7224 | D:8      | Noticed a purple ugly thing
  7236 | D:8      | Killed a purple ugly thing
  7290 | D:8      | Identified the cursed +3 morningstar "Etrehi Sayxt"
                  | {freeze, rElec MR- Dex+3}
  7290 | D:8      | Noticed a deep elf mage
  7300 | D:8      | Killed a deep elf mage
  7312 | D:8      | Noticed a rust devil
  7322 | D:8      | HP: 1/88 [rust devil[a kobold demonologist] (7)]
  7323 | D:8      | Noticed a sixfirhy
  7323 | D:8      | Slain by a shadow imp

Vault maps used:
D:1:      kennysheep_arrival_seaside
D:3:      biasface_ghost_orc_armoury, minmay_pentomino_pile
D:4:      minmay_temple_entry_poolview, ebering_ghost_gozag, minmay_quantized
D:5:      nicolae_overflow_hidden_temple, first_ration,
          gammafunk_ghost_mausoleum, minmay_bent
D:6:      enter_ossuary_3, basic_altar, uniq_sigmund
D:7:      grunt_ogre_cave
D:8:      minmay_the_grid_octo_tiled_octocenter, roderic_batcave
Temple:   dpeg_five_rooms_temple
Ossuary:  ossuary_minmay_scorpions

Skill      XL: |  1  2  3  4  5  6  7  8  9 10 |
---------------+-------------------------------+-----
Fighting       | 4 5 6 7 8 |  8.3
Shields        | 4 5 6 8 9 |  9.2
Armour         | 4 5 6 7 8 |  8.3
Axes           | 3 4 5 7 9 11 12 | 12.7
Dodging        | 1 2 3 4 5 |  5.6

Action                   |  1- 3 |  4- 6 |  7- 9 | 10-12 || total
-------------------------+-------+-------+-------+-------++-------
Melee: War axe           |    74 |   100 |   313 |   121 ||   608
       Headbutt          |    17 |    24 |    58 |    37 ||   136
 Abil: Evoke Berserk Rag |       |       |       |     1 ||     1
  Use: Scroll            |     2 |     9 |     7 |       ||    18
       Potion            |       |     3 |     8 |     2 ||    13
  Eat: Ration            |     1 |     1 |     4 |       ||     6
Armor: Scale mail        |    19 |    54 |    80 |       ||   153
       Plate armour      |       |       |    14 |    63 ||    77
Dodge: Dodged            |    22 |    40 |    98 |    36 ||   196
Block: Shield            |    32 |    89 |   219 |   133 ||   473

Table legend:
 A = Non-vault XP
 B = Vault XP
 C = Vault XP percentage of total XP
 D = Non-vault monster count
 E = Vault monster count
 F = Vault count percentage of total count
                 A         B        C        D         E       F
            +---------+---------+-------+---------+---------+-------
      Total |    4880 |    4696 |  49.0 |     160 |      78 |  32.8
            +---------+---------+-------+---------+---------+-------
        D:1 |      31 |       0 |   0.0 |      18 |       0 |   0.0
        D:2 |     192 |       0 |   0.0 |      30 |       0 |   0.0
        D:3 |     166 |     270 |  61.9 |      16 |      12 |  42.9
        D:4 |     444 |     381 |  46.2 |      17 |       3 |  15.0
        D:5 |     503 |     776 |  60.7 |      10 |      11 |  52.4
        D:6 |    1323 |     226 |  14.6 |      37 |       2 |   5.1
        D:7 |    1247 |     118 |   8.6 |      19 |       1 |   5.0
        D:8 |     974 |    2016 |  67.4 |      13 |      16 |  55.2
    Ossuary |       0 |     909 | 100.0 |       0 |      33 | 100.0
            +---------+---------+-------+---------+---------+-------
